 Dungeon Crawl Stone Soup version 0.17-a0-651-g07dd1c5 (webtiles) character file.

22 talyn the Ruffian (level 2, -3/23 HPs)
             Began as a Draconian Transmuter on Apr 17, 2015.
             Killed from afar by Sigmund (6 damage)
             ... with a puff of flame
             ... on level 2 of the Dungeon.
             The game lasted 00:02:33 (1253 turns).

talyn the Ruffian (Draconian Transmuter)            Turns: 1253, Time: 00:02:35

Health: -3/23      AC:  4    Str: 12    XL:     2   Next: 68%
Magic:  5/5        EV: 17    Int: 11    God:
Gold:   82         SH:  0    Dex: 16    Spells: 1 memorised, 4 levels left

rFire  . . .     SeeInvis .       - Unarmed
rCold  . . .     Clarity  .     (armour unavailable)
rNeg   . . .     SustAb   .     (no shield)
rPois  .         Gourm    .     (helmet restricted)
rElec  .         Spirit   .     (no cloak)
rCorr  .         Warding  .     (no gloves)
rMut   .         Rnd*Tele +     (no boots)
MR     .....                    (no amulet)
Stlth  ++........               a - ring of teleport control
                                l - ring of teleportation (curse)

@: agile, appendage (expiring), not resistant to hostile enchantments,
unstealthy
A: unfitting armour, horns 2, dopey 1, screaming 1, cold-blooded, AC +4
a: End Transformation, Evoke Teleportation, Evoke Teleport Control


You were on level 2 of the Dungeon.
You were not hungry.
You had grown temporary horns.
You visited 1 branch of the dungeon, and saw 2 of its levels.

You collected 82 gold pieces.

Inventory:

Jewellery
 a - a ring of teleport control (right hand)
 l - a cursed ring of teleportation (left hand)
Books
 d - a book of Changes

   Spells                             Type                      Level
   a - Beastly Appendage              Transmutation                1
   b - Sticks to Snakes               Transmutation                2
   c - Spider Form                    Transmutation/Poison         3
   d - Ice Form                       Ice/Transmutation            4
   e - Blade Hands                    Transmutation                5
Comestibles
 c - a meat ration
 j - 2 fruits


   Skills:
 - Level 1.1 Fighting
 - Level 1.7 Dodging
 + Level 4.0 Unarmed Combat
 - Level 2.0 Spellcasting
 - Level 2.0 Transmutations


You had 4 spell levels left.
You knew the following spells:

 Your Spells              Type           Power        Failure   Level  Hunger
a - Beastly Appendage     Trmt           #.....       14%         1    ##.....


Dungeon Overview and Level Annotations

Branches:
Dungeon (2/15)

Altars:

Annotations:
D:2 Sigmund


Innate Abilities, Weirdness & Mutations

Your plain brown scales are hard (AC +4).
Your body does not fit into most forms of armour.
You are cold-blooded and may be slowed by cold attacks.
You have a pair of horns on your head.
You are dopey. (Int -2)
You occasionally shout uncontrollably at your foes.


Message History

Drink which item? (? for menu, Esc to quit)
It was a potion of restore abilities.
You feel refreshed.
Sigmund points at you and mumbles some strange words.
The puff of flame misses you.
You miss Sigmund.
Sigmund is heavily wounded.
The bat closely misses you. Sigmund barely misses you.
You hit Sigmund. You headbutt Sigmund.
Your tail-slap misses Sigmund.
Sigmund is severely wounded.
The bat barely misses you. Sigmund misses you. The bat completely misses you.
You bump into the rock wall.
You feel less confused. The bat completely misses you. x2
You barely miss Sigmund. Your headbutt misses Sigmund.
Your tail-slap misses Sigmund.
Sigmund is severely wounded.
The bat hits you but does no damage.
Sigmund points at you and mumbles some strange words.
The puff of flame hits you!
You die...

#.#.## ...# ...
####....##...... #.##
##................ #.
######...#(...##.......
# #.............# .
#.####...#.#..#
##.......# #.#####.#
#.# #@# #.# #.@.# #.#
#b..... #.# #........
#.. ....##### ### #...#
....# ##..# .


You could see Sigmund and a bat.

Vanquished Creatures
  A giant gecko (D:1)
  3 ball pythons
  4 bats
  A giant cockroach (D:1)
  2 hobgoblins (D:1)
  2 giant newts
  3 kobolds
  5 rats
21 creatures vanquished.

Notes
Turn   | Place    | Note
--------------------------------------------------------------
     0 | D:1      | talyn, the Draconian Transmuter, began the quest for the Orb.
     0 | D:1      | Reached XP level 1. HP: 16/16 MP: 3/3
   618 | D:1      | Reached XP level 2. HP: 23/23 MP: 5/5
  1213 | D:2      | Reached skill level 4 in Unarmed Combat
  1240 | D:2      | Noticed Sigmund
  1248 | D:2      | Gained mutation: You occasionally shout uncontrollably at your foes. [potion of mutation]
  1248 | D:2      | Gained mutation: You are dopey. (Int -2) [potion of mutation]
  1253 | D:2      | Killed from afar by Sigmund

Action                   || total
-------------------------++-------
Melee: Unarmed           ||    64
 Cast: Beastly Appendage ||     1
  Use: Scroll            ||     6
       Potion            ||     3
  Eat: Bread ration      ||     1
